 Dungeon Crawl Stone Soup version 0.23.2-30-g0e89c35649 (webtiles) character file.

Game seed: 12035458424247415842

1463 TrebMcFLY the Basher (level 8, 0/53 HPs)
             Began as a Gargoyle Fighter on June 21, 2019.
             Was a Follower of Okawaru.
             Slain by an adder (1 damage)
             ... on level 7 of the Dungeon.
             The game lasted 00:17:53 (5976 turns).

TrebMcFLY the Basher (Gargoyle Fighter)             Turns: 5976, Time: 00:17:53

Health: 0/53       AC: 18    Str: 23    XL:     8   Next: 77%
Magic:  8/8        EV:  8    Int:  8    God:    Okawaru [*.....]
Gold:   286        SH:  9    Dex:  9    Spells: 7/7 levels left

rFire    . . .     SeeInvis .   a - +0 flail
rCold    . . .     Gourm    +   c - +0 shield
rNeg     + . .     Faith    .   b - +0 scale mail
rPois    ∞         Spirit   .   (no helmet)
rElec    +         Reflect  .   v - +0 cloak
rCorr    .         Harm     .   (no gloves)
MR       +....                  h - +1 pair of boots
Stlth    ..........             y - amulet of the gourmand
HPRegen  0.17/turn              g - ring of protection from magic
MPRegen  0.11/turn              u - +2 ring of protection

@: no status effects
A: negative energy resistance 1, electricity resistance, unbreathing,
petrification resistance, rot immunity, AC +5
a: Heroism, Renounce Religion


You were on level 7 of the Dungeon.
You worshipped Okawaru.
Okawaru was aware of your devotion.
You were very full.

You visited 2 branches of the dungeon, and saw 8 of its levels.
You also visited: Sewer.

You collected 286 gold pieces.

Inventory:

Hand Weapons
 a - a +0 flail (weapon)
Missiles
 i - 46 poisoned needles
Armour
 b - a +0 scale mail (worn)
 c - a +0 shield (worn)
 h - a +1 pair of boots (worn)
 v - a +0 cloak (worn)
Jewellery
 g - a ring of protection from magic (left hand)
 n - an uncursed ring of protection from fire
 u - a +2 ring of protection (right hand)
 y - an amulet of the gourmand (around neck)
Wands
 A - a wand of paralysis (6)
Scrolls
 e - 6 scrolls of identify
 j - 3 scrolls of fog
 l - 2 scrolls of remove curse
 o - 2 scrolls of teleportation
 s - 3 scrolls of blinking
Potions
 d - a potion of might
 k - a potion of brilliance
 m - a potion of degeneration
 p - a potion of mutation {unknown}
 q - 2 potions of curing
 r - a potion of resistance
 t - a potion of magic {unknown}
 w - a potion of flight {unknown}
 x - a potion of agility {unknown}
Comestibles
 f - 10 rations


   Skills:
 + Level 7.0 Fighting
 * Level 8.2 Maces & Flails
 + Level 4.2 Armour
 + Level 1.6 Dodging
 + Level 4.1 Shields


You had 7 spell levels left.
You didn't know any spells.
Your spell library contained the following spells:

 Spells                   Type           Power        Failure   Level  Hunger
 Animate Skeleton         Necr           N/A          99%         1    ##.....
 Apportation              Tloc           #.....       99%         1    ##.....
 Confusing Touch          Hex            #.....       99%         1    ##.....
 Shock                    Conj/Air       #...         99%         1    ##.....
 Summon Small Mammal      Summ           #...         99%         1    ##.....
 Swiftness                Chrm/Air       #.......     100%        2    ###....
 Static Discharge         Conj/Air       #.......     100%        3    ####...
 Airstrike                Air            #.........   100%        4    #####..
 Lightning Bolt           Conj/Air       #.........   100%        5    ######.


Dungeon Overview and Level Annotations

Branches:
Dungeon (7/15)             Temple (1/1) D:5

Altars:
Ashenzari
Cheibriados
Dithmenos
Elyvilon
Fedhas
Gozag
Hepliaklqana
Kikubaaqudgha
Makhleb
Nemelex Xobeh
Okawaru
Qazlal
Ru
Sif Muna
Trog
Uskayaw
Vehumet
Wu Jian
Xom
Yredelemnul
Zin
The Shining One

Annotations:
D:3 Terence


Innate Abilities, Weirdness & Mutations

You are resistant to torment.
Your stone body is resilient. (AC +5)
You are immune to poison.
You resist negative energy. (rN+)
You are resistant to electric shocks. (rElec)
You can survive without breathing.
You are immune to petrification.
You are immune to rotting.


Message History

The goblin shouts!
You hear a shout!
A goblin comes into view. It is wielding a +0 spear.
Found 10 arrows.
A goblin comes into view. It is wielding a +0 spear.
An adder comes into view.
The adder hisses angrily.
Found 26 stones.
The crimson imp shouts!
The goblin shouts!
You block the killer bee's attack. You block the goblin's attack.
The killer bee stings you but does no damage.
The adder barely misses you. You block the goblin's attack.
You block the killer bee's attack.
You block the goblin's attack. x2; The killer bee stings you.
* * * LOW HITPOINT WARNING * * *
The crimson imp closely misses you. The goblin hits you but does no damage.
You block the goblin's attack. You block the crimson imp's attack.
You block the killer bee's attack. The adder bites you.
You die...

###### #######....############ ##
#..........#........... .. ##
#.≈≈≈≈≈≈≈...........(.. #. .#
#.≈##.##≈.......##.###.#.##. #
###..≈#.. #≈.gg....# #.#.##.
##.....≈#g #≈..y5...# #.#.##.
..###..≈#g #≈.g.S...# #......
.......≈#####≈.(@....# #......
....##.≈≈≈≈≈≈≈.......# #.#.##.
.....................##.###.#.##.
....##.#.###.....>.......(.÷.....
...##...............#####.######.
..........######...## #.# #.
#####...### ###.# #.# ###. #
##.## #.# ####.####... # #.# #.#
#...........


You could see a killer bee, a crimson imp, an adder and 3 goblins.

Vanquished Creatures
  2 phantoms
  2 ogres
  A centaur (D:5)
  2 bullfrogs
  A killer bee (D:7)
  A howler monkey (D:4)
  2 crimson imps (D:5)
  A centaur zombie (D:5)
  A bullfrog zombie (D:6)
  2 jellies
  5 hounds
  2 iguanas (D:6)
  2 orc wizards (D:2)
  5 worker ants
  A gnoll (D:5)
  8 adders
  12 oozes (Sewer)
  An adder zombie (D:7)
  5 worms
  2 dart slugs
  22 leopard geckos
  5 orcs
  9 ball pythons (Sewer)
  5 bats
  10 giant cockroaches
  2 goblins (D:2)
  6 hobgoblins (D:2)
  2 jackals (D:3)
  2 quokkas
  16 frilled lizards
  2 kobolds (D:1)
  A quokka skeleton (D:7)
  8 rats
148 creatures vanquished.

Notes
Turn   | Place    | Note
-------+----------+-------------------------------------------
     0 | D:1      | TrebMcFLY the Gargoyle Fighter began the quest for the Orb.
     0 | D:1      | Reached XP level 1. HP: 14/14 MP: 1/1
   259 | D:1      | Reached XP level 2. HP: 18/19 MP: 2/2
  1068 | D:2      | Reached skill level 3 in Maces & Flails
  1068 | D:2      | Reached XP level 3. HP: 19/24 MP: 3/3
  1517 | D:2      | Reached XP level 4. HP: 29/29 MP: 4/4
  1669 | D:2      | Found an opulent altar of Gozag.
  1715 | D:3      | Noticed Terence
  1815 | D:2      | Reached skill level 4 in Maces & Flails
  1998 | D:3      | Reached XP level 5. HP: 33/34 MP: 5/5
  2234 | D:4      | Reached skill level 5 in Maces & Flails
  2287 | D:4      | Found a glowing drain.
  2316 | Sewer    | Entered a sewer
  2321 | Sewer    | Reached XP level 6. HP: 37/40 MP: 6/6
  2367 | Sewer    | Reached skill level 5 in Fighting
  3307 | D:4      | Noticed a phantom
  3383 | D:4      | Killed a phantom
  3383 | D:4      | Reached skill level 6 in Maces & Flails
  3383 | D:4      | Reached XP level 7. HP: 36/45 MP: 7/7
  3568 | D:5      | Entered Level 5 of the Dungeon
  3823 | D:5      | Reached skill level 7 in Maces & Flails
  4027 | D:5      | Reached XP level 8. HP: 52/52 MP: 8/8
  4125 | D:5      | Found a shattered altar of Ashenzari.
  4361 | D:5      | Found a staircase to the Ecumenical Temple.
  4375 | Temple   | Entered the Ecumenical Temple
  4474 | Temple   | Became a worshipper of Warmaster Okawaru
  4938 | D:6      | Reached skill level 1 in Dodging
  5463 | D:6      | Reached skill level 8 in Maces & Flails
  5520 | D:7      | Reached * piety under Okawaru
  5945 | D:7      | HP: 2/53 [killer bee (6)]
  5974 | D:7      | HP: 1/53 [killer bee (6)]
  5976 | D:7      | Slain by an adder

Skill      XL: |  1  2  3  4  5  6  7  8 |
---------------+-------------------------+-----
Maces & Flails | 3 4 5 6 7 8 |  8.2
Fighting       | 4 5 6 7 |  7.0
Dodging        | 1 |  1.6
Armour         | 4 |  4.2
Shields        | 4 |  4.1

Action                   |  1- 3 |  4- 6 |  7- 9 || total
-------------------------+-------+-------+-------++-------
Melee: Flail             |   132 |   405 |   276 ||   813
  Use: Scroll            |       |     8 |     3 ||    11
       Potion            |       |       |     1 ||     1
  Eat: Chunk             |     2 |     7 |    20 ||    29
       Ration            |       |       |     1 ||     1
Armor: Scale mail        |    80 |   319 |   165 ||   564
Dodge: Dodged            |    48 |   150 |    99 ||   297
Block: Shield            |    81 |   260 |   165 ||   506
